 Dungeon Crawl Stone Soup version 0.16-a0-3728-gc6b4a4b (webtiles) character file.

114 Herrn the Conjurer (level 4, -5/26 HPs)
             Began as a Gargoyle Wizard on Jan 22, 2015.
             Killed from afar by an orc wizard (7 damage)
             ... with a puff of flame
             ... on level 3 of the Dungeon.
             The game lasted 00:10:06 (2837 turns).

Herrn the Conjurer (Gargoyle Wizard)                Turns: 2837, Time: 00:10:06

Health: -5/26      AC:  5    Str: 10    XL:     4   Next: 97%
Magic:  1/9        EV: 12    Int: 22    God:
Gold:   78         SH:  0    Dex:  6    Spells: 1 memorised, 8 levels left

rFire  . . .     SeeInvis .     l - +0 dagger
rCold  . . .     Clarity  .     a - +0 robe
rNeg   + . .     SustAb   .     (no shield)
rPois  ∞         Gourm    .     b - +0 hat
rElec  +         Spirit   .     (no cloak)
rCorr  .         Warding  .     (no gloves)
rMut   .         Stasis   .     (no boots)
MR     .....                    (no amulet)
Stlth  ++........               (no ring)
                                (no ring)

@: very slightly contaminated, hasted, very quick, not resistant to hostile
enchantments, unstealthy
A: horns 1, clever 1, clumsy 1, negative energy resistance 1, electricity
resistance, unbreathing, petrification resistance, rot immunity, AC +3
a: no special abilities


You were on level 3 of the Dungeon.
You were not hungry.

You visited 1 branch of the dungeon, and saw 3 of its levels.

You collected 78 gold pieces.

Inventory:

Hand weapons
 l - a +0 dagger (weapon)
Armour
 a - a +0 robe (worn)
 b - a +0 hat (worn)
Scrolls
 g - a scroll of magic mapping
 h - 2 scrolls of amnesia
 j - a scroll of teleportation {unknown}
 k - a scroll of identify {unknown}
 n - a scroll of enchant weapon {unknown}
 p - a scroll of immolation {unknown}
Books
 c - a book of Minor Magic

   Spells                             Type                      Level
   a - Magic Dart                     Conjuration                  1
   b - Blink                          Translocation                2
   c - Call Imp                       Summoning                    2
   d - Repel Missiles                 Charms/Air                   2
   e - Slow                           Hexes                        2
   f - Conjure Flame                  Conjuration/Fire             3
   g - Mephitic Cloud                 Conjuration/Poison/Air       3
Comestibles
 d - a bread ration
 i - a meat ration
 q - a slice of pizza


   Skills:
 * Level 2.2 Fighting
 + Level 2.4 Dodging
 - Level 2.1 Stealth
 - Level 3.0 Spellcasting
 * Level 3.5 Conjurations
   Level 0.8 Summonings
   Level 0.8 Translocations


You had 8 spell levels left.
You knew the following spells:

 Your Spells              Type           Power        Failure   Level  Hunger
a - Magic Dart            Conj           ###.         3%          1    None


Dungeon Overview and Level Annotations

Branches:
Dungeon (3/15)

Altars:
Xom

Annotations:
D:2 1 exclusion


Innate Abilities, Weirdness & Mutations

You are resistant to torment.
You are immune to poison.
Your stone body is very resilient (AC +3).
You resist negative energy.
You are resistant to electric shocks.
You can survive without breathing.
You are immune to petrification.
You are immune to rotting.
You have a pair of small horns on your head.
Your mind is acute. (Int +2)
You are clumsy. (Dex -2)


Message History

You don't have enough magic to cast that spell.
You hit something. Something hits you.
You hit something. Something hits you but does no damage.
You hit something but do no damage. Something hits you but does no damage.
You miss something. Something hits you but does no damage.
Drink which item? (? for menu, Esc to quit)
It was a potion of mutation.
You feel extremely strange.
You feel clumsy.
You feel clever. A pair of horns grows on your head!
You hear some strange, mumbled words.
A puff of flame appears from out of thin air!
The puff of flame hits you!
* * * LOW HITPOINT WARNING * * *
Drink which item? (? for menu, Esc to quit)
It was a potion of poison.
You feel slightly nauseous. Something hits you but does no damage.
You hit something but do no damage.
You hear some strange, mumbled words.
A puff of flame appears from out of thin air!
The puff of flame hits you!
You die...

##.#...## #..##..#
#.####.#
#.####'####
#.#.......#
#.###._.###
..#.......#
#.#####'####
#.......#@#
#.#.....{##
#>.......#o##
#..#.#...#..##
#........#{#.#
#..#.##..#.......#
. #. #..#.#.....#
. .....#.....# .
.....)...(.#


There were no monsters in sight!

Vanquished Creatures
  A crimson imp (D:3)
  3 adders (D:2)
  A worm (D:2)
  An ooze (D:1)
  An orc (D:3)
  3 bats (D:1)
  2 giant cockroaches
  6 goblins
  4 hobgoblins
  6 jackals
  3 quokkas (D:2)
  2 giant newts (D:1)
  7 kobolds
  7 rats
47 creatures vanquished.

Notes
Turn   | Place    | Note
--------------------------------------------------------------
     0 | D:1      | Herrn, the Gargoyle Wizard, began the quest for the Orb.
     0 | D:1      | Reached XP level 1. HP: 10/10 MP: 4/4
   297 | D:1      | Reached XP level 2. HP: 16/16 MP: 0/6
  1041 | D:1      | Reached skill level 1 in Fighting
  1318 | D:1      | Reached XP level 3. HP: 18/20 MP: 2/7
  1913 | D:2      | Reached XP level 4. HP: 23/26 MP: 0/9
  2683 | D:3      | Found a shimmering altar of Xom.
  2835 | D:3      | Gained mutation: You are clumsy. (Dex -2) [potion of mutation]
  2835 | D:3      | Gained mutation: Your mind is acute. (Int +2) [potion of mutation]
  2835 | D:3      | Gained mutation: You have a pair of small horns on your head. [potion of mutation]
  2837 | D:3      | Killed from afar by an orc wizard

Action                   |  1- 3 |  4- 6 || total
-------------------------+-------+-------++-------
Melee: Unarmed           |    19 |       ||    19
       Dagger            |    25 |    31 ||    56
 Cast: Magic Dart        |    91 |    58 ||   149
  Use: Potion            |       |     4 ||     4
       Scroll            |       |     2 ||     2
  Eat: Chunk             |     3 |     3 ||     6
